 Dungeon Crawl Stone Soup version 0.20-a0-427-g8b12978 (webtiles) character file.

273 Kriby the Magician (level 6, 0/41 HPs)
             Began as a Mummy Fire Elementalist on Dec 31, 2016.
             Slain by Pikel
             ... wielding a +0 whip of flaming
              (6 damage)
             ... on level 4 of the Dungeon on Jan 1, 2017.
             The game lasted 00:13:25 (3766 turns).

Kriby the Magician (Mummy Fire Elementalist)        Turns: 3766, Time: 00:13:26

Health: 0/41       AC:  3    Str: 11    XL:     6   Next: 2%
Magic:  14/23      EV: 12    Int: 16    God:
Gold:   86         SH:  0    Dex: 13    Spells: 11/15 levels left

rFire  x . .     SeeInvis .     e - +2 dagger (venom)
rCold  + . .     Gourm    .     a - +0 robe
rNeg   + + +     Faith    .     (no shield)
rPois  ∞         Spirit   .     (no helmet)
rElec  .         Reflect  .     f - +0 cloak
rCorr  .         Harm     .     (no gloves)
MR     .....                    (no boots)
Stlth  ++........               (no amulet)
                                n - ring of magical power
                                (no ring)

@: no status effects
A: no food or potions, fire vulnerability, cold resistance 1, negative energy
resistance 3, torment resistance, unbreathing
a: no special abilities


You were on level 4 of the Dungeon.
You were not hungry.

You visited 1 branch of the dungeon, and saw 4 of its levels.

You collected 86 gold pieces.

Inventory:

Hand Weapons
 e - a +2 dagger of venom (weapon)
 j - a +0 dagger of speed
Missiles
 i - 96 stones (quivered)
 o - 4 javelins
 p - 8 tomahawks
Armour
 a - a +0 robe (worn)
 f - a +0 cloak (worn)
Jewellery
 m - an uncursed amulet of faith
 n - a ring of magical power (right hand)
Scrolls
 c - 4 scrolls of identify
 d - a scroll of amnesia {unknown}
 g - 5 scrolls of teleportation
 h - a scroll of recharging {unknown}
 k - a scroll of noise {unknown}
 l - a scroll of immolation {unknown}
Books
 b - a book of Flames

   Spells                             Type                      Level
   a - Flame Tongue                   Conjuration/Fire             1
   b - Throw Flame                    Conjuration/Fire             2
   c - Conjure Flame                  Conjuration/Fire             3
   d - Inner Flame                    Hexes/Fire                   3
   e - Sticky Flame                   Conjuration/Fire             4
   f - Fireball                       Conjuration/Fire             5


   Skills:
 - Level 1.5 Dodging
 - Level 1.5 Stealth
 + Level 5.4 Spellcasting
 + Level 3.3 Conjurations
 + Level 2.9 Fire Magic


You had 11 spell levels left.
You knew the following spells:

 Your Spells              Type           Power        Failure   Level  Hunger
a - Flame Tongue          Conj/Fire      ##...        4%          1    N/A
b - Conjure Flame         Conj/Fire      ##......     12%         3    N/A

Dungeon Overview and Level Annotations

Branches:
Dungeon (4/15)
 Temple: D:4-7

Altars:
Trog

Annotations:
D:4 Pikel


Innate Abilities, Weirdness & Mutations

You do not eat or drink.
Your flesh is vulnerable to fire.
You are immune to poison.
Your flesh is cold resistant. (rC+)
You are immune to negative energy. (rN+++)
You are immune to unholy pain and torment.
You can survive without breathing.


Message History

Pikel misses you.
Casting: Flame Tongue
Confirm with . or Enter, or press ? or * to list all spells.
Aiming: Flame Tongue
Press: ? - help, Shift-Dir - straight line, f/p - Pikel
Aim: Pikel, wielding a whip of flaming and wearing a robe (almost dead)
The flame tongue hits Pikel.
Pikel is almost dead.
Pikel hits you with a whip of flaming. Pikel burns you.
Casting: Flame Tongue
Confirm with . or Enter, or press ? or * to list all spells.
Aiming: Flame Tongue
Press: ? - help, Shift-Dir - straight line, f/p - Pikel
Aim: Pikel, wielding a whip of flaming and wearing a robe (almost dead)
The flame tongue hits Pikel.
Pikel is almost dead.
Pikel hits you with a whip of flaming!
* * * LOW HITPOINT WARNING * * *
Pikel burns you.
You die...

#######....# #.#
#[##.# #.# #.# #
##.# #.# #..# #p#
#.## #p# #.# #p#
#.# #K# #.##### #@#
#.....# #.# #####.#
#.# #.# #######.#
#.# #.......# #.#
#########.#######
#.# .....!....# #.#
########..# #.#
#########..########
#.#


You could see Pikel and 3 slaves.

Vanquished Creatures
  A slave (D:4)
  An ogre (D:3)
  Ijyb (D:2)
  Robin (D:2)
  4 adders (D:3)
  A shadow imp (D:4)
  An ooze (D:2)
  2 worms
  5 leopard geckos
  6 orcs (D:3)
  6 giant cockroaches
  12 goblins
  12 hobgoblins
  A quokka (D:2)
  8 bats
  8 frilled lizards
  8 kobolds
  8 rats
86 creatures vanquished.

Notes
Turn   | Place    | Note
-------+----------+-------------------------------------------
     0 | D:1      | Kriby the Mummy Fire Elementalist began the quest for the Orb.
     0 | D:1      | Reached XP level 1. HP: 13/13 MP: 4/4
   264 | D:1      | Reached skill level 1 in Conjurations
   290 | D:1      | Reached skill level 3 in Spellcasting
   585 | D:1      | Reached XP level 2. HP: 19/19 MP: 3/6
  1507 | D:2      | Reached XP level 3. HP: 24/24 MP: 2/7
  1882 | D:2      | Noticed Robin
  2069 | D:2      | Learned a level 3 spell: Conjure Flame
  2095 | D:2      | Noticed Ijyb
  2102 | D:2      | Killed Ijyb
  2102 | D:2      | Reached skill level 4 in Spellcasting
  2102 | D:2      | Reached XP level 4. HP: 28/30 MP: 1/10
  2156 | D:2      | Killed Robin
  2518 | D:3      | Noticed an ogre
  2825 | D:3      | Reached XP level 5. HP: 25/35 MP: 0/12
  2974 | D:3      | Upgraded the game from 0.20-a0-426-gc811625 to 0.20-a0-427-g8b12978
  3037 | D:3      | Killed an ogre
  3037 | D:3      | Reached skill level 5 in Spellcasting
  3332 | D:3      | Found a bloodstained altar of Trog.
  3476 | D:4      | Reached XP level 6. HP: 39/41 MP: 14/14
  3595 | D:4      | Noticed a slave
  3596 | D:4      | Noticed a slave
  3601 | D:4      | Noticed Pikel
  3622 | D:4      | Killed a slave
  3720 | D:4      | Noticed a slave
  3728 | D:4      | Noticed a slave
  3766 | D:4      | Slain by Pikel

Vault maps used:
D:1:      lemuel_arrival_broad_hall, serial_glass, glass_columns_c,
          glass_columns_a
D:2:      first_bread, uniq_robin, uniq_iyjb
D:3:      trog_butcher_becter
D:4:      hangedman_glass_teeth, uniq_pikel

Skill      XL: |  1  2  3  4  5 |
---------------+----------------+-----
Conjurations   | 1 2 3 |  3.3
Spellcasting   | 3 4 5 |  5.4
Dodging        | |  1.5
Stealth        | |  1.5
Fire Magic     | |  2.9

Action                   |  1- 3 |  4- 6 || total
-------------------------+-------+-------++-------
Melee: Short sword       |    13 |       ||    13
       Unarmed           |     1 |       ||     1
       Dagger            |     3 |     8 ||    11
 Cast: Flame Tongue      |    79 |   118 ||   197
       Conjure Flame     |       |     4 ||     4
  Use: Scroll            |       |     2 ||     2
Armor: Robe              |    22 |     7 ||    29
Dodge: Dodged            |    49 |    35 ||    84
